 Dungeon Crawl Stone Soup version 0.31-a0-232-gb1c03b2570 (webtiles) character file.

Game seed: 16678086687569333015

814 Pooter the Chopper (level 7, -5/62 HPs)
             Began as a Minotaur Berserker on July 7, 2023.
             Was an Elder of Trog.
             Slain by an ogre
             ... wielding a +0 giant club
              (17 damage)
             ... on level 5 of the Dungeon.
             The game lasted 00:17:44 (3753 turns).

Pooter the Chopper (Minotaur Berserker)             Turns: 3753, Time: 00:17:45

Health: -5/62      AC: 12    Str: 24    XL:     7   Next: 62%
Magic:  0/6        EV:  9    Int:  4    God:    Trog [****..]
Gold:   183        SH:  0    Dex:  9    Spells: 6/6 levels left

rFire   . . .        a - +1 morningstar (heavy)
rCold   . . .        (no shield)
rNeg    . . .        l - +0 chain mail
rPois   .            (helmet restricted)
rElec   .            o - +1 cloak {rCorr}
rCorr   +            k - +0 pair of gloves
SInv    .            (no boots)
Will    .....        G - amulet of guardian spirit Stlth
                     (no ring)
HPRegen 0.30/turn    (no ring)
MPRegen 0.10/turn

%: guardian spirit
@: studying Stealth
A: horns 2, retaliatory headbutt
a: Renounce Religion, Berserk, Trog's Hand, Brothers in Arms


You were on level 5 of the Dungeon.
You worshipped Trog.
Trog was greatly pleased with you.
You visited 1 branch of the dungeon, and saw 5 of its levels.

You collected 183 gold pieces.

Inventory:

Hand Weapons
 a - a +1 heavy morningstar (weapon)
   (You took it off an orc on level 4 of the Dungeon)
 b - a +0 shortbow
   (You found it on level 3 of the Dungeon)
 q - a +4 quarterstaff of chaos
   (You took it off Crazy Yiuf on level 2 of the Dungeon)
 v - a +3 war axe
   (You found it on level 3 of the Dungeon)
Missiles
 s - 2 poisoned darts
 Q - 38 stones (quivered)
Armour
 k - a +0 pair of gloves (worn)
   (You found it on level 1 of the Dungeon)
 l - a +0 chain mail (worn)
   (You took it off Terence on level 2 of the Dungeon)
 n - a +0 animal skin
 o - a +1 cloak of preservation (worn)
   (You took it off Crazy Yiuf on level 2 of the Dungeon)
Jewellery
 G - an amulet of guardian spirit (around neck)
   (You found it on level 1 of the Dungeon)
Wands
 f - a wand of flame (12)
   (You took it off Crazy Yiuf on level 2 of the Dungeon)
 D - a wand of digging (2)
   (You found it on level 5 of the Dungeon)
Scrolls
 d - 3 scrolls of poison {!r}
 e - a scroll of fear
 g - a scroll of torment {!r}
 m - a scroll of butterflies
 t - a scroll of teleportation {@r4}
Potions
 c - 2 potions of enlightenment {unknown}
 h - 5 potions of heal wounds {unknown}
 j - 3 potions of haste {@q3}
 p - 3 potions of curing {unknown}
 r - a potion of degeneration {unknown}
 u - 2 potions of resistance {unknown}
 w - a potion of mutation {unknown}
 x - a potion of might


   Skills:
 + Level 5.9 Fighting
 * Level 7.5(7.6) Axes
 + Level 1.5(5.0) Maces & Flails
 - Level 0.6(1.2) Staves
 + Level 2.6 Ranged Weapons
 - Level 2.4 Armour
 - Level 2.1 Dodging
 * Level 5.2 Stealth


You had 6 spell levels left.
You didn't know any spells.
Your spell library was empty.

Dungeon Overview and Level Annotations

Branches:
Dungeon (5/15) Zot: 26099
 Temple: D:4-7

Altars:
Fedhas
Kikubaaqudgha
Trog
Uskayaw
Wu Jian
The Shining One


Innate Abilities, Weirdness & Mutations

You have a pair of horns on your head.
You reflexively headbutt those who attack you in melee.


Message History

You skewer something like a kebab!!! Trog accepts your kill.
Trog appreciates your killing of a magic user.
Reactivating autopickup.
You feel a bit more experienced.
You feel the effects of Trog's Hand fading.
Things that are here:
a +0 dagger; a +0 robe You feel a strong urge to attack something.
You see here a +0 mace.
You are no longer berserk.
You are exhausted.
You feel yourself slow down.
Things that are here:
a +0 flail; an orc corpse Your skin stops crawling.
You feel less strong-willed.
You see here a +0 mace.
Things that are here:
a +0 dagger; a +0 robe The frilled lizard hisses angrily.
The frilled lizard unfolds its giant frill.
Found 2 brown potions.
u - 2 sedimented sapphire potions (gained 1)
You feel yourself speed up.
h - 5 brown potions (gained 2)
You start waiting.
You recover from your berserk rage.
The frilled lizard hisses angrily.
An orc comes into view. It is wielding a +0 hand axe.
The orc shouts!
The orc closely misses you.
You sock the orc!
You kill the orc!
Trog accepts your kill.
An ogre comes into view. It is wielding a +0 giant club.
The ogre shouts!
An ogre comes into view. It is wielding a +0 giant club.
The ogre shouts!
The ogre hits you with a +0 giant club!
You barely miss the ogre. The ogre hits you with a +0 giant club.
The ogre hits you with a +0 giant club! The ogre hits you but does no damage.
You barely miss the ogre. Your headbutt misses the ogre.
The ogre hits you with a +0 giant club!!
* * * LOW MAGIC WARNING * * *
* * * LOW HITPOINT WARNING * * *
The ogre hits you with a +0 giant club.
* * * LOW HITPOINT WARNING * * *
The ogre hits you with a +0 giant club!!
* * * LOW MAGIC WARNING * * *
You die...

. .# ##### .#### ######### ~..#
..... .)).)...# ########..####
#######.###..#..........
#######..........#..####
##..........##.#.# .#
l#.#####)#####.#@# # #####
##.#####.# #..OO........#
.........#####...#..#####.#######
##.##.............<.............#
l#.##.#..####.#..##....##.#####.#
##.#.....# #.#..#####.##.# #.#
##.......# #.#..# #.##.# #.#
###.....####.#..# #.##.# #.#
#...#.......)..# ##.##.# #.#


You could see 2 ogres.

Vanquished Creatures
  A sky beast (D:4)
  3 ogres
  2 scorpions (D:5)
  Crazy Yiuf (D:2)
  Natasha (twice) (D:2)
  An orc wizard (D:5)
  Terence (D:2)
  Robin (D:4)
  7 adders
  A worm (D:2)
  3 dart slugs (D:1)
  14 orcs
  7 endoplasms
  2 giant cockroaches
  23 goblins
  16 hobgoblins
  7 jackals (D:1)
  7 quokkas
  5 ball pythons
  11 bats
  3 frilled lizards
  9 kobolds
  6 rats
133 creatures vanquished.

Notes
Turn   | Place    | Note
-------+----------+-------------------------------------------
     0 | D:1      | Pooter the Minotaur Berserker began the quest for the Orb.
     0 | D:1      | Reached XP level 1. HP: 19/19 MP: 0/0
    48 | D:1      | Reached skill level 4 in Axes
    59 | D:1      | Reached XP level 2. HP: 22/27 MP: 1/1
   245 | D:1      | Reached XP level 3. HP: 32/33 MP: 0/2
   336 | D:1      | Reached ** piety under Trog
   570 | D:2      | Reached skill level 5 in Axes
   588 | D:2      | Noticed Terence
   594 | D:2      | Killed Terence
   595 | D:2      | Reached XP level 4. HP: 41/41 MP: 3/3
   659 | D:2      | Noticed Natasha
   668 | D:2      | Killed Natasha
   762 | D:2      | Found a runed translucent door.
   763 | D:2      | Noticed Crazy Yiuf
   845 | D:2      | Found a faded altar of an unknown god.
   897 | D:2      | Noticed Natasha
   902 | D:2      | Killed Natasha
   903 | D:2      | Reached skill level 1 in Stealth
   922 | D:2      | Reached XP level 5. HP: 47/47 MP: 4/4
  1192 | D:2      | Reached skill level 6 in Axes
  1287 | D:2      | Killed Crazy Yiuf
  1288 | D:2      | Reached skill level 5 in Fighting
  1458 | D:3      | Found an ancient bone altar of Kikubaaqudgha.
  1462 | D:3      | Found a bloodstained altar of Trog.
  1464 | D:3      | Reached *** piety under Trog
  1470 | D:3      | Found a hide-covered altar of Uskayaw.
  1473 | D:3      | Found a blossoming altar of Fedhas.
  1988 | D:3      | Found a glowing golden altar of the Shining One.
  2065 | D:3      | Found an ornate altar of the Wu Jian Council.
  2369 | D:4      | Noticed an ogre
  2377 | D:4      | Killed an ogre
  2378 | D:4      | Reached skill level 1 in Ranged Weapons
  2378 | D:4      | Reached XP level 6. HP: 54/56 MP: 3/5
  2555 | D:4      | Noticed Robin
  2565 | D:4      | Killed Robin
  2663 | D:4      | Noticed a sky beast
  2672 | D:4      | Killed a sky beast
  2766 | D:4      | Reached skill level 7 in Axes
  2766 | D:4      | Reached XP level 7. HP: 48/61 MP: 3/6
  2768 | D:4      | Reached **** piety under Trog
  3377 | D:5      | Entered Level 5 of the Dungeon
  3429 | D:5      | Reached skill level 1 in Maces & Flails
  3535 | D:5      | Reached skill level 5 in Stealth
  3753 | D:5      | Slain by an ogre

Illustrated notes

Levels and vault maps discovered:
D:1:      moated_graveyard_arrival, layout_basic, chequers_serial_rivers_micro_e
D:2:      kennysheep_the_goblin_king, layout_basic,
          shapermc_ecumenical_altar_mp_ritualfount, uniq_natasha,
          uniq_crazy_yiuf_cottage, uniq_terence
D:3:      minmay_razor_zed, layout_basic, nicolae_tso_swordbearing_angel,
          nicolae_wu_jian_wuxing_cycle, grunt_temple_overflow_cloverleaf,
          chequers_serial_rivers_large_a, minmay_misc_feat_cross
D:4:      nicolae_cairo_tiling_very_big, layout_basic,
          minmay_increasing_density, uniq_robin
D:5:      layout_loops_ring, lemuel_round_altar, lemuel_temple_firewalk_b,
          serial_aquarium, aquarium_bridge_straight [aquarium_subvault_bridge,
          aquarium_subvault_window, aquarium_subvault_bridge,
          aquarium_subvault_wall], aquarium_window_1, aquarium_window_2,
          aquarium_window_corridor_1, aquarium_window_fake, aquarium_view_2c,
          aquarium_view_2f, aquarium_pool_2, uniq_pikel, uniq_grinder

Skill      XL: |  1  2  3  4  5  6  7 |
---------------+----------------------+-----
Axes           | 4 5 6 7 |  7.5
Fighting       | 4 5 |  5.9
Stealth        | 1 3 4 5 |  5.2
Ranged Weapons | 1 2 |  2.6
Maces & Flails | 1 |  1.5
Staves         | |  0.6
Armour         | |  2.4
Dodging        | |  2.1

Action                     |  1- 3 |  4- 6 |  7- 9 || total
---------------------------+-------+-------+-------++-------
  Melee: Hand axe          |    65 |    43 |       ||   108
         Headbutt          |    10 |    16 |     3 ||    29
         War axe           |       |    53 |     1 ||    54
         Quarterstaff      |       |    20 |       ||    20
         Morningstar       |       |       |    18 ||    18
   Fire: Sling             |       |    22 |       ||    22
         Shortbow          |       |    21 |     8 ||    29
 Invoke: Berserk           |     1 |     6 |     1 ||     8
         Trog's Hand       |       |     2 |     1 ||     3
    Use: Scroll            |       |     8 |     2 ||    10
   Stab: Distracted        |       |     1 |       ||     1
 Armour: Animal skin       |    16 |       |       ||    16
         Chain mail        |       |    75 |     4 ||    79
  Dodge: Dodged            |    42 |    55 |     8 ||   105

Table legend: (Time is in decaauts)
 A = Elapsed time spent in this place.
 B = Non-inter-level travel time spent in this place.
 C = Inter-level travel time spent in this place.
 D = Time resting spent in this place.
 E = Time spent auto-exploring this place.
 F = Levels seen in this place.
 G = Mean time per level.
                   A        B        C        D        E       F      G
               +--------+--------+--------+--------+--------+-----+--------+
         Total |   3898 |   3824 |     74 |    483 |   2547 |   5 |  779.6 |
       Dungeon |   3898 |   3824 |     74 |    483 |   2547 |   5 |  779.6 |
               +--------+--------+--------+--------+--------+-----+--------+

Top non-repeatable levels by time:
     D:4: 1199 daAuts
     D:3: 905 daAuts
     D:2: 831 daAuts
     D:1: 568 daAuts
     D:5: 394 daAuts
